 Dungeon Crawl Stone Soup version 0.22.1-6-g1668fe2c40 (webtiles) character file.

745398 Peloso the Minotaur Barricade (level 27, -2/245 HPs)
             Began as a Minotaur Fighter on Jan 17, 2019.
             Was the Champion of Okawaru.
             Slain by an azure jelly (8 damage)
             ... created by the Royal Jelly
             ... on level 4 of the Pits of Slime on Jan 18, 2019.
             The game lasted 06:01:30 (100413 turns).

Peloso the Minotaur Barricade (Minotaur Fighter)  Turns: 100413, Time: 06:01:31

Health: -2/245     AC: 19    Str: 43 (44) XL:     27
Magic:  35/35      EV: 24    Int:  3      God:    Okawaru [******]
Gold:   7741       SH: 32    Dex: 17      Spells: 28/28 levels left

rFire    . . .     SeeInvis +   b - +11 falchion "Suchy" {protect, +Rage rC+ Str+4}
rCold    + + +     Gourm    .   u - +1 large shield {reflect}
rNeg     . . .     Faith    +   H - +2 faerie dragon scales {rCorr Str+4}
rPois    .         Spirit   .   W - +1 hat {MR+}
rElec    +         Reflect  +   L - +1 cloak of Starlight {rElec rC+ EV+4 Stlth--}
rCorr    +         Harm     .   C - +3 pair of gauntlets of War {Slay+5}
MR       +++++     Rnd*Rage +   K - +2 pair of boots {run} Stlth ..........Rnd*Tele +
                                E - amulet "Iqoxzil" {Faith Dex+4}
HPRegen  0.00/turn              c - ring "Layshaj" {MR+++ Str+7 SInv Stlth-}
MPRegen  0.24/turn              V - ring "Duisky" {rC+ Str+2 Int-2 Slay+5 Stlth-}

@: corroded, protection aura, hasted, very quick
A: retaliatory headbutt, horns 2, thin metallic scales 1, berserk 1, blurry
vision 3, clumsy 1, cold resistance 1, deformed body, deterioration 2, frail 1,
screaming 1, inhibited regeneration, teleportitis 1, weak 1
}: 4/15 runes: serpentine, barnacled, silver, abyssal
a: Heroism, Finesse, Renounce Religion, Evoke Berserk Rage


You were on level 4 of the Pits of Slime.
You worshipped Okawaru.
Okawaru was exalted by your worship.
You were hungry.

You visited 13 branches of the dungeon, and saw 56 of its levels.
You visited the Abyss 2 times.
You visited 1 bazaar.
You also visited: Labyrinth, Trove, Sewer, Ossuary, Bailey and Ice Cave.

You collected 12165 gold pieces.
You spent 4424 gold pieces at shops.

Inventory:

Hand Weapons
 a - a +4 double sword of holy wrath
 b - the +11 falchion "Suchy" (weapon) {protect, +Rage rC+ Str+4}
   (Okawaru gifted it to you on level 1 of the Depths)

   It protects the one who uses it against injury (+AC on strike).
   It affects your strength (+4).
   It protects you from cold.
   It lets you go berserk.
 l - a +3 double sword of holy wrath
Armour
 p - +5 gold dragon scales
 u - a +1 large shield of reflection (worn)
 C - the +3 pair of gauntlets of War (worn) {Slay+5}
   (You found it on level 11 of the Dungeon)

   It affects your accuracy and damage with ranged weapons and melee attacks
   (+5).
 H - the +2 faerie dragon scales (worn) {rCorr Str+4}
   (You took it off the Enchantress on level 1 of the Depths)

   It affects your strength (+4).
   It provides partial protection from all sources of acid and corrosion.
 K - a +2 pair of boots of running (worn)
 L - the +1 cloak of Starlight (worn) {rElec rC+ EV+4 Stlth--}
   (You bought it in a shop on level 3 of the Snake Pit)

   It affects your evasion (+4).
   It protects you from cold.
   It insulates you from electricity.
   It makes you much less stealthy.
 W - a +1 hat of magic resistance (worn)
Jewellery
 c - the ring "Layshaj" (left hand) {MR+++ Str+7 SInv Stlth-}
   (You took it off an ironbrand convoker on level 3 of the Vaults)

   [ring of see invisible]

   It affects your strength (+7).
   It affects your resistance to hostile enchantments.
   It lets you see invisible.
   It makes you less stealthy.
 h - the ring of Noon {rF+ rN+ SInv}
   (You bought it in a shop on level 2 of the Orcish Mines)

   [ring of see invisible]

   It protects you from fire.
   It protects you from negative energy.
   It lets you see invisible.
 s - the ring "Baewiup" {rN+ Str+5 Int+2 Dex+3 Stlth-}
   (You bought it in a shop on level 2 of the Orcish Mines)

   [ring of intelligence]

   It affects your strength (+5).
   It affects your intelligence (+2).
   It affects your dexterity (+3).
   It protects you from negative energy.
   It makes you less stealthy.
 E - the amulet "Iqoxzil" (around neck) {Faith Dex+4}
   (You found it in a treasure trove)

   [amulet of faith]

   It allows you to gain divine favour quickly.
   It affects your dexterity (+4).
 J - an uncursed ring of resist corrosion
 V - the ring "Duisky" (right hand) {rC+ Str+2 Int-2 Slay+5 Stlth-}
   (You took it off a deep elf annihilator on level 3 of the Elven Halls)

   [ring of attention]

   It affects your strength (+2).
   It affects your intelligence (-2).
   It affects your accuracy and damage with ranged weapons and melee attacks
   (+5).
   It protects you from cold.
   It makes you less stealthy.
 Z - an uncursed ring of flight
Wands
 X - a wand of digging (49)
Scrolls
 i - 3 scrolls of blinking
 j - 5 scrolls of teleportation
 m - 22 scrolls of remove curse
 o - 3 scrolls of noise
 F - 11 scrolls of fear
 G - 11 scrolls of identify
 R - 6 scrolls of magic mapping
 T - 3 scrolls of summoning
Potions
 d - 7 potions of might
 e - 5 potions of heal wounds
 g - 19 potions of curing
 k - 8 potions of invisibility
 q - 3 potions of flight
 t - 2 potions of berserk rage
 v - 5 potions of resistance
 z - 2 potions of mutation
 A - 7 potions of haste
Comestibles
 f - 75 rations


   Skills:
 O Level 27 Fighting
 O Level 27 Long Blades
 + Level 1.5 Throwing
 O Level 27 Armour
 + Level 11.5 Dodging
 + Level 5.7 Stealth
 O Level 27 Shields
 + Level 1.7 Unarmed Combat
 + Level 1.0 Spellcasting
 + Level 9.0 Invocations
 + Level 18.0 Evocations


You had 28 spell levels left.
You didn't know any spells.
Your spell library contained the following spells:

 Spells                   Type           Power        Failure   Level  Hunger
 Animate Skeleton         Necr           N/A          50%         1    ##.....
 Apportation              Tloc           #.....       50%         1    ##.....
 Beastly Appendage        Tmut           #.....       50%         1    ##.....
 Confusing Touch          Hex            #.....       50%         1    ##.....
 Corona                   Hex            #......      50%         1    ##.....
 Flame Tongue             Conj/Fire      #....        50%         1    ##.....
 Freeze                   Ice            #...         50%         1    ##.....
 Infusion                 Chrm           #...         50%         1    ##.....
 Pain                     Necr           #...         50%         1    ##.....
 Sandblast                Erth           #.....       50%         1    ##.....
 Shock                    Conj/Air       #...         50%         1    ##.....
 Sting                    Conj/Pois      #...         50%         1    ##.....
 Summon Butterflies       Summ           #.......     50%         1    ##.....
 Summon Small Mammal      Summ           #...         50%         1    ##.....
 Call Imp                 Summ           #.......     65%         2    ###....
 Corpse Rot               Necr           N/A          65%         2    ###....
 Ensorcelled Hibernation  Hex/Ice        #.....       65%         2    ###....
 Passwall                 Tmut/Erth      #.......     65%         2    ###....
 Poisonous Vapours        Pois/Air       #.....       65%         2    ###....
 Searing Ray              Conj           #.....       65%         2    ###....
 Sticks to Snakes         Tmut           #.......     65%         2    ###....
 Sublimation of Blood     Necr           #.........   65%         2    ###....
 Swiftness                Chrm/Air       #.......     65%         2    ###....
 Throw Flame              Conj/Fire      #.....       65%         2    ###....
 Throw Frost              Conj/Ice       #.....       65%         2    ###....
 Call Canine Familiar     Summ           #.......     86%         3    ####...
 Confuse                  Hex            #.......     86%         3    ####...
 Conjure Flame            Conj/Fire      #.......     86%         3    ####...
 Dazzling Spray           Conj/Hex       #.....       86%         3    ####...
 Gell's Gravitas          Tloc           #.........   86%         3    ####...
 Ignite Poison            Fire/Tmut/Pois #.......     86%         3    ####...
 Inner Flame              Hex/Fire       #.......     86%         3    ####...
 Mephitic Cloud           Conj/Pois/Air  #.......     86%         3    ####...
 Ozocubu's Armour         Chrm/Ice       #.......     86%         3    ####...
 Portal Projectile        Hex/Tloc       #.....       86%         3    ####...
 Recall                   Summ/Tloc      N/A          86%         3    ####...
 Regeneration             Chrm/Necr      #.........   86%         3    ####...
 Spider Form              Tmut/Pois      #.........   86%         3    ####...
 Static Discharge         Conj/Air       #.......     86%         3    ####...
 Stone Arrow              Conj/Erth      #.....       86%         3    ####...
 Summon Guardian Golem    Hex/Summ       #.......     86%         3    ####...
 Tukima's Dance           Hex            #.......     86%         3    ####...
 Vampiric Draining        Necr           #.........   86%         3    ####...
 Airstrike                Air            #.........   99%         4    #####..
 Animate Dead             Necr           N/A          99%         4    #####..
 Cause Fear               Hex            #.........   99%         4    #####..
 Force Lance              Conj/Tloc      #.......     99%         4    #####..
 Ice Form                 Ice/Tmut       #.......     99%         4    #####..
 Passage of Golubria      Tloc           N/A          99%         4    #####..
 Petrify                  Tmut/Erth      #.......     99%         4    #####..
 Sticky Flame             Conj/Fire      #.......     99%         4    #####..
 Summon Ice Beast         Ice/Summ       #.......     99%         4    #####..
 Summon Lightning Spire   Summ/Air       #.......     99%         4    #####..
 Agony                    Necr           #.......     100%        5    ######.
 Alistair's Intoxication  Tmut/Pois      #.......     100%        5    ######.
 Aura of Abjuration       Summ           #.........   100%        5    ######.
 Blade Hands              Tmut           #.........   100%        5    ######.
 Bolt of Draining         Conj/Necr      #.........   100%        5    ######.
 Dispel Undead            Necr           #.......     100%        5    ######.
 Excruciating Wounds      Chrm/Necr      #.........   100%        5    ######.
 Fireball                 Conj/Fire      #.........   100%        5    ######.
 Irradiate                Conj/Tmut      #.........   100%        5    ######.
 Lee's Rapid Deconstruct  Erth           #.........   100%        5    ######.
 Lightning Bolt           Conj/Air       #.........   100%        5    ######.
 Metabolic Englaciation   Hex/Ice        #.........   100%        5    ######.
 Silence                  Hex/Air        #.........   100%        5    ######.
 Summon Demon             Summ           #.........   100%        5    ######.
 Summon Forest            Summ/Tloc      #.........   100%        5    ######.
 Summon Mana Viper        Hex/Summ       #.......     100%        5    ######.
 Yara's Violent Unravell  Hex/Tmut       #.........   100%        5    ######.
 Bolt of Cold             Conj/Ice       #.........   100%        6    #######
 Bolt of Fire             Conj/Fire      #.........   100%        6    #######
 Conjure Ball Lightning   Conj/Air       #.........   100%        6    #######
 Darkness                 Hex            #.........   100%        6    #######
 Death Channel            Necr           #.........   100%        6    #######
 Deflect Missiles         Chrm/Air       #.........   100%        6    #######
 Dispersal                Tloc           #.........   100%        6    #######
 Freezing Cloud           Conj/Ice/Air   #.........   100%        6    #######
 Invisibility             Hex            #.......     100%        6    #######
 Ozocubu's Refrigeration  Ice            #.........   100%        6    #######
 Poison Arrow             Conj/Pois      #.........   100%        6    #######
 Shadow Creatures         Summ           N/A          100%        6    #######
 Simulacrum               Ice/Necr       #.........   100%        6    #######
 Ring of Flames           Chrm/Fire      #.........   100%        7    #######
 Spellforged Servitor     Conj/Summ      #.........   100%        7    #######
 Summon Hydra             Summ           #.........   100%        7    #######
 Chain Lightning          Conj/Air       #.........   100%        8    #######
 Controlled Blink         Tloc           N/A          100%        8    #######
 Discord                  Hex            #.........   100%        8    #######
 Disjunction              Tloc           #.........   100%        8    #######
 Ignition                 Fire           #.........   100%        8    #######
 Lehudib's Crystal Spear  Conj/Erth      #.........   100%        8    #######
 Fire Storm               Conj/Fire      #.........   100%        9    #######
 Glaciate                 Conj/Ice       #.........   100%        9    #######
 Tornado                  Air            #.........   100%        9    #######


Dungeon Overview and Level Annotations

Branches:
Dungeon (15/15)            Temple (1/1) D:6            Lair (6/6) D:8
 Shoals (4/4) Lair:3        Snake (4/4) Lair:3        Slime (5/5) Lair:5
    Orc (2/2) D:11            Elf (3/3) Orc:2        Vaults (5/5) D:14
  Crypt (3/3) Vaults:3       Tomb (0/3) Crypt:3      Depths (5/5) D:15
   Hell (1/1)                 Dis (0/7) Hell            Geh (0/7) Hell
    Coc (0/7) Hell            Tar (0/7) Hell            Zot (2/5) Depths:5

Altars:
Ashenzari
Cheibriados
Dithmenos
Fedhas
Hepliaklqana
Kikubaaqudgha
Nemelex Xobeh
Okawaru
Qazlal
Uskayaw
Vehumet
Yredelemnul
Jiyva

Shops:
D:4 (   D:11 !   D:13 *   Orc:2 =[*(   Shoals:1 [   Snake:3 (}[   Vaults:1 =
Vaults:2 !   Vaults:4 [!

Portals:
Hell: Depths:1 Depths:2 Depths:3 Depths:4 Depths:5
Abyss: Depths:4
Pandemonium: Depths:3 Depths:4
Ziggurat: Depths:4


Innate Abilities, Weirdness & Mutations

You reflexively headbutt those who attack you in melee.
You have a pair of horns on your head.
You are partially covered in thin metallic scales. (AC +2)
You tend to lose your temper in combat.
Scrolls take you much longer to read.
You are clumsy. (Dex -2)
Your flesh is cold resistant. (rC+)
Armour fits poorly on your strangely shaped body.
Your body often deteriorates upon taking damage.
You are frail. (-10% HP)
You occasionally shout uncontrollably at your foes.
You do not regenerate when monsters are visible.
You are occasionally teleported next to monsters.
You are weak. (Str -2)


Message History

You block the azure jelly's attack. x2
The acid blob spits acid at you. The splash of acid misses you.
You feel much better. You block the acid blob's attack.
The acid blob spits acid at you. The splash of acid hits you! You resist.
* * * LOW HITPOINT WARNING * * *
You are splashed with acid!
The acid burns!
You resist.
* * * LOW HITPOINT WARNING * * *
The acid blob spits acid at you. The splash of acid hits you!
The acid corrodes you!
You are splashed with acid!
The acid burns!
You resist.
* * * LOW HITPOINT WARNING * * *
The azure jelly hits you.
* * * LOW HITPOINT WARNING * * *
The azure jelly freezes you. You resist.
* * * LOW HITPOINT WARNING * * *
You block the azure jelly's attack. The azure jelly completely misses you.
The azure jelly hits you!
You die...

##. ........... ###.....## ##..
..........###.##.....#
##...##..... #..............#
#....#.#..# ##.............#
##.........# #..............#
#.........# ##........#....###
.#....<...###.#......#.......##
...............JJ...#.........#
....#..........J@J.#.........##
...............JJJ##.....#....#
#......##...............###..##
##......##.........#...## ####
#......#.#.......<.....#
#.........#.............
#.........#.....#...##..
#........#...........#
......#.#.........###


You could see 5 acid blobs and 2 azure jellies.

Vanquished Creatures
  the Royal Jelly (Slime:5)
  5 ancient liches
  Mara (Crypt:1)
  4 juggernauts
  Boris (twice) (Vaults:2 Vaults:4)
  Saint Roka (Vaults:4)
  Geryon (Hell)
  11 golden dragons
  The ghost of spacerossing the Sniper, a veteran FoHu of Cheibriados (Crypt:2)
  Jory (Crypt:1)
  the Enchantress (Depths:1)
  A Hell Sentinel (Abyss:1)
  17 tentacled monstrosities
  Asterion (Snake:3)
  7 liches
  3 deep elf blademasters
  2 quicksilver dragons
  The ghost of Vuklaup the Sorcerer, an adept DEWz of Kikubaaqudgha (Vaults:1)
  A deep elf master archer (Elf:3)
  7 titans
  An Executioner (Abyss:2)
  17 tentacled starspawn
  27 acid blobs
  7 sphinxes
  An ancient champion (Crypt:2)
  2 death cobs
  Donald (Elf:3)
  4 tengu reavers
  Kirke (D:14)
  10 storm dragons
  2 draconian monks
  11 shadow dragons
  Ilsuiw (Shoals:2)
  4 revenants
  15 fire giants
  4 iron dragons
  A fire giant (shapeshifter) (Depths:4)
  10 azure jellies
  5 nagarajas
  3 daevas
  4 draconian scorchers
  11 vault wardens
  3 orc warlords
  5 draconian knights
  2 balrugs (Abyss:1)
  13 deep elf sorcerers
  5 curse skulls
  15 frost giants
  Louise (Elf:3)
  9 deep elf elementalists
  4 ghouls
  5 draconian shifters
  5 spriggan defenders
  5 war gargoyles
  4 reapers
  18 ironheart preservers
  4 draconian annihilators (Zot:2)
  45 very ugly things
  An ophan (Abyss:1)
  12 stone giants
  4 black draconians
  6 deep elf demonologists
  7 vampire knights
  2 entropy weavers
  6 green draconians
  Nessos (Lair:5)
  3 white draconians (Zot:2)
  8 purple draconians
  2 red draconians (Zot:2)
  5 deep elf annihilators
  2 lorocyprocas
  7 spark wasps
  10 yellow draconians
  A minotaur (Lab)
  9 eidola
  10 merfolk impalers
  A blizzard demon (Abyss:2)
  A crystal guardian (Vaults:4)
  10 fire dragons
  14 deep elf death magi
  10 death oozes
  A green death (Abyss:1)
  Snorg (Lair:3)
  11 jiangshi
  4 merfolk javelineers
  14 ettins
  2 kraken zombies (Hell)
  Erolcha (D:9)
  A quicksilver dragon zombie (Crypt:3)
  3 deep elf high priests
  An ice dragon (shapeshifter) (Depths:4)
  6 hydras
  28 naga warriors
  14 yaktaur captains
  20 great orbs of eyes
  16 ice dragons
  8 rakshasas
  10 centaur warriors
  40 vault guards
  8 spriggan air magi
  A hell beast (Depths:2)
  An anaconda (shapeshifter) (Vaults:4)
  3 satyrs
  A merfolk avatar (Shoals:3)
  16 anacondas
  2 catoblepae
  43 two-headed ogres
  Erica (D:8)
  7 merfolk aquamancers
  12 deep troll shamans
  5 death yaks
  4 death knights
  31 dancing weapons
  A queen ant (Lair:2)
  4 hell hogs (Hell)
  25 thrashing horrors
  16 ogre magi
  5 deep troll earth magi
  9 naga sharpshooters
  4 tengu warriors
  4 orc high priests (Orc:2)
  13 vampire magi
  Urug (D:9)
  5 soul eaters
  A titan zombie (Abyss:1)
  9 shock serpents
  7 spriggan berserkers
  A fire crab (shapeshifter) (Depths:3)
  An iron golem (Hell)
  15 wretched stars
  5 sun demons
  A sixfirhy (Abyss:1)
  30 deep elf knights
  A hell knight (Depths:4)
  6 spatial maelstroms
  A sea snake (shapeshifter) (D:14)
  A salamander mystic (Snake:4)
  6 unseen horrors
  10 skeletal warriors
  5 shadow wraiths
  5 iron trolls
  2 deep trolls (shapeshifter)
  29 sea snakes
  An obsidian statue (Depths:2)
  An unseen horror (shapeshifter) (Depths:4)
  8 naga ritualists
  5 glowing orange brains
  20 flayed ghosts
  5 wizards
  15 deep elf archers
  23 deep trolls
  6 necromancers
  2 swamp dragons (Abyss:3)
  16 phantasmal warriors
  A swamp dragon (shapeshifter) (Vaults:4)
  Pikel (D:7)
  3 golden dragon skeletons (Abyss:1)
  43 ugly things
  16 ironbrand convokers
  A lindwurm (Lair:3)
  6 wolf spiders
  The ghost of BushDid911 the Skirmisher, a novice VSFi of Nemelex Xobeh (D:7)
  12 orc knights
  31 harpies
  A lindwurm (shapeshifter) (Depths:1)
  5 mana vipers
  10 shining eyes
  2 wolf spider zombies
  106 slime creatures
  7 orc sorcerers
  A fire giant zombie (Crypt:3)
  78 deep elf magi
  8 cyclopes
  2 cyclopes (shapeshifter)
  9 salamanders
  An iron dragon skeleton (Crypt:3)
  15 fauns
  8 merfolk sirens
  9 worldbinders
  13 moths of wrath
  A salamander (shapeshifter) (Depths:3)
  2 black mambas (shapeshifter)
  A frost giant skeleton (Abyss:1)
  8 manticores
  5 rust devils
  2 stone giant skeletons
  9 fire giant skeletons (Crypt:3)
  A spriggan zombie (Depths:1)
  30 black mambas
  8 apocalypse crabs
  18 vault sentinels
  16 smoke demons
  2 eyes of devastation
  2 ice statues
  2 dire elephant zombies (Crypt:3)
  Joseph (D:9)
  3 water nymphs (Shoals:4)
  12 guardian serpents
  21 naga magi
  Psyche (D:10)
  A toenail golem (Abyss:1)
  An eye of devastation (shapeshifter) (Vaults:5)
  9 gargoyles
  9 spiny frogs
  61 large abominations
  2 spiny frogs (shapeshifter)
  A hellion (Abyss:1)
  An elephant slug zombie (Crypt:2)
  4 orange demons
  3 rime drakes
  5 komodo dragons
  A torpor snail (Lair:3)
  33 yaktaurs
  5 efreet
  14 freezing wraiths
  4 hellwings
  A hydra zombie (Hell)
  A tormentor (Depths:3)
  A demonic crawler (Depths:1)
  2 tengu conjurers
  6 ice devils
  23 merfolk
  3 red devils
  24 polar bears
  18 ancient zymes
  A queen bee (shapeshifter) (Depths:3)
  A troll (shapeshifter) (Elf:3)
  7 trolls
  A jumping spider (shapeshifter) (D:14)
  A meliai (shapeshifter) (Depths:2)
  A polar bear (shapeshifter) (D:15)
  6 hornets
  A harpy zombie (D:15)
  The ghost of tensugalgo the Chopper, an amateur DrGl (D:5)
  2 jumping spiders
  4 wind drakes
  A raiju (shapeshifter) (Vaults:4)
  A hydra skeleton (Hell)
  A tyrant leech (Abyss:1)
  2 bog bodies
  51 raiju
  3 dream sheep
  17 blink frogs
  2 ettin zombies (Abyss:1)
  A fire giant simulacrum (Abyss:1)
  A slime creature (shapeshifter) (Vaults:5)
  A satyr zombie (Crypt:1)
  A blink frog (shapeshifter) (Abyss:3)
  17 hippogriffs
  13 snapping turtles
  2 alligator zombies (Hell)
  A meliai zombie (D:13)
  12 wraiths
  15 flying skulls
  A tarantella (shapeshifter) (Vaults:2)
  26 water elementals
  74 starcursed masses
  16 ynoxinuls
  A yak (shapeshifter) (D:15)
  5 air elementals
  10 shadows
  11 vampires
  2 redbacks (Vaults:4)
  2 wyverns
  A hog (shapeshifter) (Depths:3)
  8 basilisks
  2 fire bats (Abyss:1)
  2 spriggans (shapeshifter)
  53 yaks
  23 spriggans
  7 fire dragon skeletons (Crypt:3)
  9 golden eyes
  10 fire elementals
  11 neqoxecs
  4 hungry ghosts
  12 spatial vortices
  10 chaos spawn
  5 hogs (D:14)
  Grum (D:10)
  6 vampire mosquitoes
  Menkaure (D:7)
  52 nagas
  14 soldier ants (Lair:2)
  8 wargs
  3 acid dragons
  18 water moccasins
  A soldier ant (shapeshifter) (Vaults:1)
  A floating eye (shapeshifter) (Depths:5)
  2 hell hounds (Abyss:2)
  12 porcupines
  75 orc warriors
  Purgy (Sewer)
  A floating eye (Depths:5)
  58 small abominations
  A spiny frog zombie (Hell)
  3 spiny frog skeletons
  11 eyes of draining
  7 sky beasts
  2 black bears
  A hornet zombie (D:6)
  2 necrophages
  An ice beast (D:8)
  12 boggarts
  2 eyes of draining (shapeshifter)
  A phantom (D:11)
  42 wolves
  37 ogres
  11 crocodiles
  15 centaurs
  A snapping turtle skeleton (Abyss:1)
  A manticore skeleton (Abyss:1)
  A dream sheep skeleton (Crypt:2)
  2 big kobolds
  A yaktaur zombie (Crypt:2)
  3 elf zombies
  24 bullfrogs
  A glowing shapeshifter simulacrum (Depths:1)
  A cyclops zombie (Crypt:2)
  A yaktaur skeleton (Depths:1)
  An ogre simulacrum (Vaults:1)
  7 earth elementals
  3 scorpions
  A wyvern skeleton (D:9)
  A polar bear zombie (Crypt:1)
  30 wights
  2 howler monkeys
  4 electric eels
  4 lava snakes (Lab)
  4 bullfrog zombies
  4 centaur zombies
  19 crimson imps
  A human simulacrum (Vaults:2)
  A human zombie (Ossuary)
  An elf simulacrum (Abyss:1)
  13 orc priests
  6 quasits
  A demonspawn zombie (Crypt:1)
  8 jellies
  A centaur skeleton (D:9)
  5 hounds
  15 iron imps
  A human skeleton (Crypt:1)
  5 iguanas
  32 orc wizards
  A black bear skeleton (Crypt:1)
  10 hell rats
  35 worker ants
  A killer bee zombie (D:5)
  A big kobold zombie (Ossuary)
  A hound skeleton (D:4)
  3 mummies (Ossuary)
  3 worker ant zombies
  3 gnolls (D:7)
  11 adders
  9 shadow imps
  A howler monkey simulacrum (D:8)
  14 white imps
  13 ufetubi
  2 oozes
  A worm zombie (Crypt:2)
  3 adder zombies
  An adder skeleton (D:4)
  2 worms
  A dart slug (D:2)
  3 leopard geckos
  111 orcs
  4 ball pythons
  10 bats
  A bat skeleton (Crypt:1)
  3 giant cockroaches
  A gnoll zombie (Ossuary)
  16 goblins
  7 hobgoblins
  5 jackals
  12 quokkas
  7 frilled lizards
  4 goblin zombies (Ossuary)
  7 hobgoblin zombies (Ossuary)
  A jackal zombie (Ossuary)
  13 kobolds
  5 kobold zombies
  A leopard gecko zombie (D:5)
  An orc zombie (Ossuary)
  4 quokka zombies
  4 rats
  A rat zombie (Ossuary)
  A river rat skeleton (Crypt:2)
  2 crawling corpses (Vaults:4)
  7 fungi
  4 lurking horrors
  9 plants
  5 starspawn tentacles
  4 tentacles (Hell)
3345 creatures vanquished.

Vanquished Creatures (others)
  2 stone giants (Vaults:5)
  A deep elf elementalist (Elf:2)
  A lorocyproca (Hell)
  3 merfolk javelineers
  5 yaktaur captains
  A centaur warrior (Vaults:1)
  2 satyrs (Shoals:2)
  A deep elf archer (Elf:2)
  A quicksilver dragon simulacrum (Abyss:3)
  A large abomination (Abyss:1)
  3 deep elf magi
  3 fauns (Shoals:3)
  13 yaktaurs
  A hydra zombie (Hell)
  A tengu conjurer (D:13)
  2 water elementals (Depths:1)
  A yak (IceCv)
  2 small abominations
  A slave (D:7)
  2 ogres
  3 centaurs
  An orc wizard (Vaults:4)
  3 orcs
  15 fungi
  3 lurking horrors
  12 plants
  36 starspawn tentacles
  4 tentacles (Hell)
  15 toadstools
139 creatures vanquished.

Grand Total: 3484 creatures vanquished

Notes
Turn   | Place    | Note
-------+----------+-------------------------------------------
     0 | D:1      | Peloso the Minotaur Fighter began the quest for the Orb.
     0 | D:1      | Reached XP level 1. HP: 19/19 MP: 0/0
   153 | D:1      | Reached XP level 2. HP: 27/27 MP: 1/1
   708 | D:2      | Reached XP level 3. HP: 33/33 MP: 2/2
  1272 | D:3      | Found a shattered altar of Ashenzari.
  1278 | D:3      | Reached XP level 4. HP: 39/40 MP: 3/3
  2040 | D:4      | Found Uddemn's Antique Weapon Shoppe.
  2087 | D:4      | Reached skill level 5 in Shields
  2358 | D:4      | Reached XP level 5. HP: 46/46 MP: 4/4
  2576 | D:5      | Entered Level 5 of the Dungeon
  2695 | D:5      | Found a transporter.
  2698 | D:5      | Found a hazy altar of Hepliaklqana.
  2703 | D:5      | Found a transporter.
  2703 | D:5      | Noticed an orc warrior
  2723 | D:5      | Noticed a hungry ghost
  2800 | D:5      | Reached skill level 1 in Dodging
  2821 | D:5      | Found a runed gate.
  2822 | D:5      | Found a runed gate.
  2822 | D:5      | Found a runed gate.
  2834 | D:5      | Reached XP level 6. HP: 39/53 MP: 5/5
  2843 | D:5      | Found a glowing drain.
  2860 | Sewer    | Entered a sewer
  2885 | Sewer    | Noticed Purgy
  2905 | Sewer    | Killed Purgy
  2905 | Sewer    | Reached skill level 5 in Armour
  3186 | Sewer    | Reached skill level 5 in Long Blades
  3444 | D:5      | Found a basalt altar of Yredelemnul.
  3622 | D:5      | Noticed tensugalgo's ghost (amateur DrGl)
  3791 | D:6      | Reached XP level 7. HP: 23/60 MP: 6/6
  4083 | D:6      | Found a staircase to the Ecumenical Temple.
  4092 | Temple   | Entered the Ecumenical Temple
  4096 | Temple   | Reached skill level 5 in Fighting
  4239 | Temple   | Became a worshipper of Warmaster Okawaru
  4423 | D:6      | Found a stormy altar of Qazlal.
  4966 | D:7      | Reached XP level 8. HP: 58/68 MP: 7/7
  4996 | D:7      | Noticed a hippogriff
  4999 | D:7      | Noticed Pikel
  5002 | D:7      | Killed a hippogriff
  5002 | D:7      | Reached * piety under Okawaru
  5019 | D:7      | Killed Pikel
  5019 | D:7      | Reached ** piety under Okawaru
  5062 | D:7      | Noticed Menkaure
  5066 | D:7      | Noticed a hippogriff
  5072 | D:7      | Killed Menkaure
  5076 | D:7      | Killed a hippogriff
  5076 | D:7      | Reached skill level 1 in Stealth
  5197 | D:7      | Noticed a hippogriff
  5201 | D:7      | Reached XP level 9. HP: 75/75 MP: 8/8
  5209 | D:7      | Reached *** piety under Okawaru
  5374 | D:7      | Found a shadowy altar of Dithmenos.
  5599 | D:7      | Found a runed door.
  5599 | D:7      | Noticed BushDid911's ghost (novice VSFi)
  5654 | D:8      | Noticed a two-headed ogre
  5662 | D:8      | Killed a two-headed ogre
  5662 | D:8      | Reached **** piety under Okawaru
  5703 | D:8      | Found a shadowy altar of Dithmenos.
  5824 | D:8      | Found a sand-covered staircase.
  5829 | Ossuary  | Entered an ossuary
  6121 | D:8      | Found a flagged portal.
  6133 | Bailey   | Entered a bailey
  6133 | Bailey   | Noticed an orc knight
  6183 | Bailey   | Reached skill level 10 in Long Blades
  6188 | Bailey   | Reached ***** piety under Okawaru
  6209 | Bailey   | Reached skill level 1 in Evocations
  6209 | Bailey   | Reached XP level 10. HP: 67/88 MP: 6/9
  6577 | Bailey   | Killed an orc knight
  6877 | Bailey   | Noticed an orc knight
  6895 | Bailey   | Killed an orc knight
  6895 | Bailey   | Received a gift from Okawaru
  6895 | Bailey   | Reached skill level 10 in Shields
  6922 | Bailey   | Got a bloodstained war axe
  6923 | Bailey   | Identified the +11 war axe "Ugyl" {chop, rElec rC+ Str+4}
                  | (You found it in a bailey)
  6983 | D:8      | Noticed a manticore
  6985 | D:8      | Noticed a centaur warrior
  7002 | D:8      | Killed a manticore
  7010 | D:8      | Killed a centaur warrior
  7294 | D:8      | Found an iron altar of Okawaru.
  7294 | D:8      | Found a sparkling altar of Nemelex Xobeh.
  7313 | D:8      | Reached skill level 1 in Invocations
  7315 | D:8      | Reached skill level 10 in Armour
  7344 | D:8      | Noticed Erica
  7354 | D:8      | Killed Erica
  7387 | D:8      | Found a staircase to the Lair.
  7919 | D:9      | Noticed Erolcha
  7926 | D:9      | Killed Erolcha
  7926 | D:9      | Reached XP level 11. HP: 97/97 MP: 11/11
  8009 | D:9      | Noticed a two-headed ogre
  8010 | D:9      | Noticed Joseph
  8025 | D:9      | Killed a two-headed ogre
  8042 | D:9      | Killed Joseph
  8090 | D:9      | Found an ancient bone altar of Kikubaaqudgha.
  8470 | D:10     | Entered Level 10 of the Dungeon
  8470 | D:10     | Noticed Psyche
  8477 | D:10     | Killed Psyche
  8480 | D:10     | Noticed Urug
  8524 | D:9      | Killed Urug
  8524 | D:9      | Received a gift from Okawaru
  8632 | D:10     | Killed an unseen horror
  8782 | D:10     | Noticed Grum
  8788 | D:10     | Noticed a green ugly thing
  8790 | D:10     | Reached skill level 10 in Fighting
  8810 | D:10     | Killed a green ugly thing
  8814 | D:10     | Killed Grum
  9476 | D:5      | Killed tensugalgo's ghost
  9756 | D:7      | Killed BushDid911's ghost
  9873 | D:11     | Noticed a six-headed hydra
  9879 | D:11     | Found a labyrinth entrance.
  9884 | D:11     | Killed a one-headed hydra
  9888 | Lab      | Entered a labyrinth
 10305 | Lab      | Reached XP level 12. HP: 40/107 MP: 9/12
 10634 | Lab      | Noticed a minotaur
 10647 | Lab      | Killed a minotaur
 10647 | Lab      | Received a gift from Okawaru
 10657 | Lab      | Got a shimmering granite ring
 10682 | Lab      | Got a translucent bronze ring
 10684 | Lab      | Identified the ring of Peunukacw {rN+ MR+} (You took it off
                  | a minotaur in a labyrinth)
 10686 | Lab      | Identified the ring of Awnid {rF+ Int+3 Stlth-} (You found
                  | it in a labyrinth)
 10990 | Lair:1   | Entered Level 1 of the Lair of Beasts
 11036 | Lair:1   | Noticed an eight-headed hydra
 11044 | Lair:1   | Killed a five-headed hydra
 12121 | Lair:2   | Reached ****** piety under Okawaru
 12390 | Lair:2   | Noticed a queen ant
 12405 | Lair:2   | Received a gift from Okawaru
 12405 | Lair:2   | Reached XP level 13. HP: 86/117 MP: 13/13
 12520 | Lair:2   | Got a jewelled hand crossbow {god gift}
 13167 | Lair:3   | Found a staircase to the Shoals.
 13232 | Lair:3   | Found a staircase to the Snake Pit.
 13248 | Lair:3   | Noticed Snorg
 13258 | Lair:3   | Killed Snorg
 13776 | Lair:3   | Found a runed door.
 14082 | Lair:3   | Reached skill level 15 in Long Blades
 14354 | Lair:3   | Received a gift from Okawaru
 14361 | Lair:3   | Got an ichor-stained hat {god gift}
 14379 | Lair:3   | Identified the +1 hat "Faykamoa" {-Tele +Inv rPois Stlth+}
                  | (Okawaru gifted it to you on level 3 of the Lair of Beasts)
 14547 | Lair:1   | Identified the +1 hand crossbow of Muploc {speed, *Slow
                  | rElec rC+++ Str-2} (Okawaru gifted it to you on level 2 of
                  | the Lair of Beasts)
 14789 | D:11     | Found Zeobleve's Distillery.
 14792 | D:11     | Bought a potion of berserk rage for 80 gold pieces
 14792 | D:11     | Bought a potion of agility for 64 gold pieces
 15365 | D:11     | Found an iron altar of Okawaru.
 15714 | D:11     | Found the +3 pair of gauntlets of War {Slay+5}
 16029 | D:11     | Found a staircase to the Orcish Mines.
 16856 | D:13     | Found Soiliph's Assorted Antiques.
 16924 | D:13     | Found a frozen archway.
 16952 | D:13     | Reached XP level 14. HP: 104/129 MP: 14/14
 16977 | IceCv    | Entered an ice cave
 17123 | IceCv    | Reached skill level 15 in Shields
 17463 | IceCv    | Received a gift from Okawaru
 17585 | IceCv    | Noticed a frost giant
 17616 | IceCv    | Killed a frost giant
 17643 | IceCv    | Found the +0 pair of fencer's gloves {+Riposte Dex+3}
 19033 | D:13     | Bought a scintillating bone ring for 130 gold pieces
 19033 | D:13     | Bought a spiked cloak for 247 gold pieces
 19043 | D:13     | Identified the +0 cloak of Poor Excuses {Str-2 Int+6} (You
                  | bought it in a shop on level 13 of the Dungeon)
 19059 | D:13     | Identified the ring of Usmic {MR+ Int+4} (You bought it in
                  | a shop on level 13 of the Dungeon)
 19863 | Lair:5   | Received a gift from Okawaru
 19911 | Lair:5   | Found a runed door.
 19912 | Lair:5   | Found a viscous altar of Jiyva.
 19913 | Lair:5   | Noticed Nessos
 19914 | Lair:5   | Found a staircase to the Slime Pits.
 19926 | Lair:5   | Killed Nessos
 20464 | Lair:6   | Entered Level 6 of the Lair of Beasts
 20763 | Lair:6   | Received a gift from Okawaru
 21198 | Lair:6   | Reached XP level 15. HP: 102/139 MP: 15/15
 22140 | Orc:1    | Entered Level 1 of the Orcish Mines
 22678 | Orc:2    | Entered Level 2 of the Orcish Mines
 22678 | Orc:2    | Found a staircase to the Elven Halls.
 22680 | Orc:2    | Noticed an orc warlord
 22865 | Orc:1    | Killed an orc warlord
 22962 | Orc:2    | Reached skill level 15 in Fighting
 23209 | Orc:2    | Found Titt's General Store.
 23221 | Orc:2    | Received a gift from Okawaru
 23282 | Orc:2    | Bought a potion of brilliance for 48 gold pieces
 23282 | Orc:2    | Bought a scroll of brand weapon for 240 gold pieces
 23359 | Orc:2    | Found Qacimp's Antique Armour Shoppe.
 23368 | Orc:2    | Bought an ancient chain mail for 228 gold pieces
 23379 | Orc:2    | Identified the cursed +0 chain mail of Joomn {*Drain Str+3
                  | Int+4} (You bought it in a shop on level 2 of the Orcish
                  | Mines)
 23539 | Orc:2    | Noticed an orc warlord
 23579 | Orc:2    | Found Emebif's Antique Weapon Shoppe.
 24155 | Orc:2    | Found Zuityseqo's Jewellery Boutique.
 24168 | Orc:2    | Killed an orc warlord
 24354 | Orc:2    | Bought the ring "Baewiup" {rN+ Str+5 Int+2 Dex+3 Stlth-}
                  | for 511 gold pieces
 24824 | D:14     | Noticed Kirke
 24837 | D:14     | Killed Kirke
 25188 | D:14     | Found a gate to the Vaults.
 25504 | D:15     | Entered Level 15 of the Dungeon
 25622 | D:15     | Received a gift from Okawaru
 26028 | D:15     | Reached XP level 16. HP: 150/150 MP: 17/17
 26301 | D:15     | Found a staircase to the Depths.
 26706 | Snake:1  | Entered Level 1 of the Snake Pit
 27503 | Snake:2  | Found a blossoming altar of Fedhas.
 27536 | Snake:2  | Received a gift from Okawaru
 27881 | Snake:2  | Reached skill level 15 in Armour
 29383 | Snake:2  | Reached skill level 5 in Dodging
 29584 | Snake:3  | Noticed Asterion
 29597 | Snake:3  | Killed Asterion
 29990 | Snake:3  | Found Jattich's Antique Weapon Shop.
 29990 | Snake:3  | Found Akimmono's Gadget Boutique.
 29997 | Snake:3  | Found Inuriroan's Antique Armour Shop.
 30022 | Snake:3  | Bought the +1 cloak of Starlight {rElec rC+ EV+4 Stlth--}
                  | for 1468 gold pieces
 30022 | Snake:3  | Found the +1 cloak of Starlight {rElec rC+ EV+4 Stlth--}
 30022 | Snake:3  | Bought a pair of glowing boots for 247 gold pieces
 30615 | Snake:4  | Entered Level 4 of the Snake Pit
 30638 | Snake:3  | HP: 5/152 [naga mage/bolt of poison (27)]
 31360 | Snake:3  | Reached XP level 17. HP: 97/160 MP: 18/18
 32981 | Snake:4  | Received a gift from Okawaru
 34024 | Snake:4  | Received a gift from Okawaru
 35604 | Snake:4  | Got a serpentine rune of Zot
 36350 | Elf:1    | Entered Level 1 of the Elven Halls
 36765 | Elf:1    | Received a gift from Okawaru
 36765 | Elf:1    | Reached XP level 18. HP: 170/170 MP: 19/19
 36779 | Elf:1    | Identified the Grimoire of Unholy Secrets
 37932 | Elf:3    | Entered Level 3 of the Elven Halls
 38096 | Elf:2    | Received a gift from Okawaru
 38149 | Elf:2    | Gained mutation: You have an increased reservoir of magic.
                  | (+10% MP) [a neqoxec]
 38571 | Elf:3    | Noticed Louise
 38589 | Elf:3    | Killed Louise
 39122 | Elf:2    | Received a gift from Okawaru
 39434 | Elf:2    | Found a runed gate.
 39437 | Elf:2    | Found a runed gate.
 39438 | Elf:2    | Found a runed gate.
 40285 | Elf:2    | Got a bone demon blade {god gift}
 40286 | Elf:2    | Identified the +1 demon blade of the Sun {elec, rC+ MR+
                  | Str+2} (Okawaru gifted it to you on level 2 of the Elven
                  | Halls)
 40338 | Elf:2    | Received a gift from Okawaru
 41153 | Elf:2    | Reached XP level 19. HP: 145/179 MP: 22/22
 41920 | Elf:3    | Gained mutation: You do not regenerate when monsters are
                  | visible. [a cacodemon]
 42118 | Elf:3    | Noticed a Brimstone Fiend
 42391 | Elf:3    | Received a gift from Okawaru
 42712 | Elf:3    | Got a scintillating granite ring
 42773 | Elf:3    | Noticed a Tzitzimitl
 42929 | Elf:3    | Got a twitching marble ring
 43352 | Elf:3    | Identified the Handbook of the Blaze and Attacks
 43363 | Elf:3    | Identified the Grimoire of Glacial Weightlessness
 43438 | Elf:3    | Noticed Donald
 43453 | Elf:3    | Killed Donald
 43872 | Lair:1   | Identified the ring "Duisky" {rC+ Str+2 Int-2 Slay+5
                  | Stlth-} (You took it off a deep elf annihilator on level 3
                  | of the Elven Halls)
 43874 | Lair:1   | Identified the ring "Cymian" {rF+ Stlth-} (You took it off
                  | a deep elf mage on level 3 of the Elven Halls)
 44810 | Shoals:1 | Entered Level 1 of the Shoals
 44956 | Shoals:1 | Received a gift from Okawaru
 45209 | Shoals:1 | Found Otzoi's Armour Shoppe.
 45527 | Shoals:2 | Noticed Ilsuiw
 45857 | Shoals:2 | Killed Ilsuiw
 46881 | Shoals:4 | Entered Level 4 of the Shoals
 47402 | Shoals:3 | Received a gift from Okawaru
 47594 | Shoals:3 | Reached XP level 20. HP: 48/191 MP: 23/23
 49499 | Shoals:4 | Received a gift from Okawaru
 49945 | Shoals:4 | Got a barnacled rune of Zot
 50790 | Vaults:1 | Entered Level 1 of the Vaults
 52248 | Vaults:1 | Received a gift from Okawaru
 52507 | Vaults:1 | Found Ocicihud's Jewellery Shop.
 52700 | Vaults:1 | Noticed Vuklaup's ghost (adept DEWz)
 52701 | Vaults:1 | Found a runed gate.
 52701 | Vaults:1 | Found a runed gate.
 52701 | Vaults:1 | Found a runed gate.
 52742 | Vaults:1 | Killed Vuklaup's ghost
 53499 | Vaults:2 | Found Ezapae's Distillery.
 53506 | Vaults:2 | Bought a potion of heal wounds for 55 gold pieces
 53506 | Vaults:2 | Bought a potion of haste for 110 gold pieces
 53540 | Vaults:2 | Reached XP level 21. HP: 168/200 MP: 24/24
 53698 | Vaults:2 | Received a gift from Okawaru
 54165 | Vaults:2 | Noticed Boris
 54171 | Vaults:2 | Killed Boris
 54950 | Vaults:3 | Found a staircase to the Crypt.
 54950 | Vaults:3 | Found an ancient bone altar of Kikubaaqudgha.
 55394 | Vaults:3 | Received a gift from Okawaru
 55419 | Vaults:3 | Identified a +1 pair of boots of running (Okawaru gifted it
                  | to you on level 3 of the Vaults)
 55574 | Vaults:3 | Found a basalt altar of Yredelemnul.
 56903 | Vaults:3 | Identified the Compendium of the Supportive Snowflakes
 58000 | Vaults:3 | Got a transparent wooden ring
 58061 | Vaults:4 | Reached XP level 22. HP: 182/211 MP: 25/25
 58062 | Vaults:4 | Received a gift from Okawaru
 58131 | Vaults:4 | Found Dus Terilak's Distillery.
 58169 | Vaults:4 | Found Lylazxoq's Armour Boutique.
 58176 | Vaults:4 | Found a flickering gateway to a bazaar.
 58185 | Bazaar   | Entered a bazaar
 58189 | Bazaar   | Found Voaloy's Book Shop.
 58203 | Bazaar   | Found Wezaluan's Distillery.
 58235 | Bazaar   | Found Doanu's Assorted Antiques.
 58258 | Bazaar   | Found Zuseceg's Food Shop.
 58298 | Bazaar   | Bought a twisted soapstone amulet for 115 gold pieces
 58298 | Bazaar   | Bought a scroll of identify for 46 gold pieces
 58301 | Bazaar   | Identified the ring "Layshaj" {MR+++ Str+7 SInv Stlth-}
                  | (You took it off an ironbrand convoker on level 3 of the
                  | Vaults)
 58325 | Bazaar   | Bought a potion of haste for 60 gold pieces
 58325 | Bazaar   | Bought a potion of might for 24 gold pieces
 58325 | Bazaar   | Bought a potion of curing for 18 gold pieces
 58325 | Bazaar   | Bought a potion of haste for 60 gold pieces
 58325 | Bazaar   | Bought a potion of heal wounds for 30 gold pieces
 58325 | Bazaar   | Bought 2 potions of curing for 36 gold pieces
 58325 | Bazaar   | Bought a potion of might for 24 gold pieces
 58393 | Vaults:4 | Bought a potion of berserk rage for 85 gold pieces
 58425 | Vaults:4 | Received a gift from Okawaru
 58445 | Vaults:4 | Got an encrusted cloak {god gift}
 58456 | Vaults:4 | Identified the +0 cloak of the Morning {MR+ Int+3} (Okawaru
                  | gifted it to you on level 4 of the Vaults)
 58523 | Vaults:4 | Noticed Boris
 58530 | Vaults:4 | Killed Boris
 58834 | Vaults:4 | Noticed Saint Roka
 58854 | Vaults:4 | Killed Saint Roka
 59546 | Vaults:4 | Reached skill level 27 in Shields
 59601 | Vaults:4 | Gained mutation: You tend to lose your temper in combat. [a
                  | neqoxec]
 59962 | Vaults:5 | Entered Level 5 of the Vaults
 59991 | Vaults:4 | Received a gift from Okawaru
 60282 | Vaults:5 | Noticed a golden dragon
 61008 | Vaults:5 | Noticed an ancient lich
 61240 | Vaults:4 | Killed a golden dragon
 61244 | Vaults:4 | Received a gift from Okawaru
 61582 | Vaults:5 | Killed an ancient lich
 61590 | Vaults:4 | Reached XP level 23. HP: 223/223 MP: 26/26
 62325 | Vaults:5 | Got a silver rune of Zot
 62467 | Vaults:5 | Received a gift from Okawaru
 62488 | Vaults:5 | Got a translucent golden ring
 62750 | Vaults:5 | Got a bound platinum ring
 62753 | Vaults:5 | Identified the ring "Imnoluz" {*Contam rElec MR- Dex+3
                  | Stlth+} (You took it off an orc warlord on level 5 of the
                  | Vaults)
 62754 | Vaults:5 | Identified the ring "Cicufu Enur" {rPois MR+} (You took it
                  | off a deep elf mage on level 5 of the Vaults)
 62965 | Vaults:5 | Got a fine long sword {slice}
 62966 | Vaults:5 | Identified the +5 long sword of Resourcefulness {slice,
                  | Dex+2} (You took it off a deep elf elementalist on level 5
                  | of the Vaults)
 62978 | Vaults:5 | Identified The Arcane Secrets of Spellcraft
 64038 | Vaults:5 | Got a bound copper ring
 64439 | Vaults:5 | Noticed an ancient lich
 64448 | Vaults:5 | Killed an ancient lich
 64648 | Vaults:5 | Identified the ring "Toliwi" {rC++ Dex+3} (You took it off
                  | a fire giant on level 5 of the Vaults)
 64651 | Vaults:5 | Lost mutation: You have an increased reservoir of magic.
                  | (+10% MP) [potion of mutation]
 64651 | Vaults:5 | Lost mutation: You tend to lose your temper in combat.
                  | [potion of mutation]
 64651 | Vaults:5 | Lost mutation: You do not regenerate when monsters are
                  | visible. [potion of mutation]
 64651 | Vaults:5 | Gained mutation: You are partially covered in thin metallic
                  | scales. (AC +2) [potion of mutation]
 64651 | Vaults:5 | Gained mutation: You are partially covered in icy blue
                  | scales. (AC +2) [potion of mutation]
 64651 | Vaults:5 | Gained mutation: You are clumsy. (Dex -2) [potion of
                  | mutation]
 64651 | Vaults:5 | Gained mutation: Your flesh is cold resistant. (rC+)
                  | [potion of mutation]
 64967 | Depths:1 | Entered Level 1 of the Depths
 64995 | Depths:1 | Received a gift from Okawaru
 65052 | Depths:1 | Found a gateway to Hell.
 65193 | Depths:1 | Noticed the Enchantress
 65211 | Depths:1 | Killed the Enchantress
 65229 | Depths:1 | Got faerie dragon scales
 65232 | Depths:1 | Identified the +2 faerie dragon scales {rCorr Str+4} (You
                  | took it off the Enchantress on level 1 of the Depths)
 65469 | Depths:1 | Found a portal to a secret trove of treasure.
 65485 | Depths:1 | You paid a toll of 8 potions of agility to enter a treasure
                  | trove
 65486 | Trove    | Entered a treasure trove
 65512 | Trove    | Got a smoking diamond amulet
 65514 | Trove    | Got a smoking silver amulet
 65518 | Trove    | Got a twitching iron amulet
 65581 | Trove    | Identified the amulet "Iqoxzil" {Faith Dex+4} (You found it
                  | in a treasure trove)
 66058 | Depths:1 | Identified the amulet of Departure {Faith rC+} (You found
                  | it in a treasure trove)
 66060 | Depths:1 | Lost intelligence.
 66060 | Depths:1 | Identified the amulet "Innimpatt" {Inacc rN+ Int-4 Dex+3
                  | Stlth+} (You found it in a treasure trove)
 66232 | Depths:1 | Reached XP level 24. HP: 172/237 MP: 24/24
 67078 | Depths:2 | Noticed a juggernaut
 67087 | Depths:2 | Received a gift from Okawaru
 67098 | Depths:2 | Killed a juggernaut
 67098 | Depths:2 | Received a gift from Okawaru
 67134 | Depths:2 | Received a gift from Okawaru
 67445 | Depths:2 | Received a gift from Okawaru
 68539 | Depths:2 | Identified a scroll of acquirement
 68556 | Depths:2 | Got a brightly glowing silver ring
 68674 | Depths:2 | Identified the ring of Xumerr {Wiz rElec rC+ Dex-4} (You
                  | found it on level 2 of the Depths)
 69163 | Depths:3 | Received a gift from Okawaru
 69554 | Depths:3 | Found a sparkling altar of Nemelex Xobeh.
 69850 | Depths:3 | Reached XP level 25. HP: 173/250 MP: 24/24
 70642 | Depths:3 | Received a gift from Okawaru
 70834 | Depths:3 | Found a one-way gate leading to the halls of Pandemonium.
 71016 | Depths:4 | Noticed a juggernaut
 71025 | Depths:4 | Noticed a juggernaut
 71032 | Depths:4 | Killed a juggernaut
 71032 | Depths:4 | Received a gift from Okawaru
 71035 | Depths:4 | Killed a juggernaut
 71075 | Depths:4 | Found a gateway to a ziggurat.
 71490 | Depths:4 | Received a gift from Okawaru
 71883 | Depths:4 | Found a viscous altar of Jiyva.
 71913 | Depths:4 | Received a gift from Okawaru
 72593 | Depths:4 | Found a one-way gate to the infinite horrors of the Abyss.
 72801 | Depths:5 | Entered Level 5 of the Depths
 73258 | Depths:5 | Reached XP level 26. HP: 63/264 MP: 24/24
 73284 | Depths:5 | Noticed a juggernaut
 73300 | Depths:5 | Killed a juggernaut
 73300 | Depths:5 | Received a gift from Okawaru
 73367 | Depths:5 | Reached skill level 27 in Fighting
 74173 | Depths:5 | Paralysed by a floating eye for 4 turns
 74180 | Depths:5 | Reached skill level 27 in Long Blades
 74531 | Depths:5 | Found a gate to the Realm of Zot.
 75633 | Orc:2    | Bought the ring of Noon {rF+ rN+ SInv} for 498 gold pieces
 75908 | Crypt:1  | Entered Level 1 of the Crypt
 76003 | Crypt:1  | Noticed Mara
 76006 | Crypt:1  | Received a gift from Okawaru
 76021 | Crypt:1  | Noticed Peloso's illusion
 76026 | Crypt:1  | Killed Mara
 76146 | Crypt:1  | Noticed Jory
 76161 | Crypt:1  | Killed Jory
 76983 | Crypt:2  | Received a gift from Okawaru
 77084 | Crypt:2  | Found a transporter.
 77084 | Crypt:2  | Noticed spacerossing's ghost (veteran FoHu)
 77085 | Crypt:2  | Found a transporter.
 77829 | Crypt:2  | Killed spacerossing's ghost
 78142 | Crypt:3  | Entered Level 3 of the Crypt
 78443 | Crypt:3  | Got an ancient copper ring
 78443 | Crypt:3  | Got a vibrating turquoise ring
 78450 | Crypt:3  | Identified the ring "Waga" {rF+ rN+ Int+2} (You found it on
                  | level 3 of the Crypt)
 78451 | Crypt:3  | Identified the ring "Ideac" {+Blink rF++ rN+ Int-3 SInv}
                  | (You found it on level 3 of the Crypt)
 78517 | Crypt:3  | Noticed an ancient lich
 78524 | Crypt:3  | Killed an ancient lich
 79049 | Crypt:3  | Found an ancient bone altar of Kikubaaqudgha.
 79051 | Crypt:3  | Noticed an ancient lich
 79063 | Crypt:3  | Killed an ancient lich
 79242 | Crypt:3  | Noticed an ancient lich
 79250 | Crypt:3  | Killed an ancient lich
 79255 | Crypt:3  | Reached XP level 27. HP: 273/273 MP: 25/25
 79297 | Crypt:3  | Identified the Tome of Helpful Lightness
 79420 | Crypt:3  | Got a steaming chain mail
 79431 | Crypt:3  | Identified the +6 chain mail of the Hanged Man {rF+ MP+9}
                  | (You found it on level 3 of the Crypt)
 80932 | Crypt:3  | Found a staircase to the Tomb.
 81784 | Zot:1    | Entered Level 1 of the Realm of Zot
 81795 | Zot:1    | Received a gift from Okawaru
 81805 | Zot:1    | Reached skill level 5 in Evocations
 82716 | Zot:1    | Got a pair of fine gloves
 82781 | Zot:1    | Identified the +2 pair of gloves "Wiph" {-Tele Regen+ Str+9
                  | Int+4} (You found it on level 1 of the Realm of Zot)
 83441 | Hell     | Entered the Vestibule of Hell
 83441 | Hell     | Noticed Geryon
 83455 | Hell     | Killed Geryon
 83745 | Depths:1 | Received a gift from Okawaru
 83755 | Depths:1 | Got an encrusted falchion {god gift}
 83756 | Depths:1 | Identified the +11 falchion "Suchy" {protect, +Rage rC+
                  | Str+4} (Okawaru gifted it to you on level 1 of the Depths)
 84120 | Hell     | Found a gateway to the decaying netherworld of Tartarus.
 84235 | Hell     | Found a gateway to the Iron City of Dis.
 84312 | Hell     | Found a gateway to the ashen valley of Gehenna.
 84380 | Hell     | Found a gateway to the freezing wastes of Cocytus.
 85014 | Zot:2    | Received a gift from Okawaru
 85014 | Zot:2    | Reached skill level 27 in Armour
 85651 | Zot:2    | Received a gift from Okawaru
 85683 | Zot:2    | Reached skill level 10 in Evocations
 86496 | Depths:4 | Got an ancient dagger
 86497 | Depths:4 | Identified the +9 dagger "Wuivat" {elec, -Tele Str+2 SInv}
                  | (You found it on level 4 of the Depths)
 89529 | Depths:2 | You fall through a shaft for 2 floors!
 89623 | Depths:4 | Voluntarily entered the Abyss.
 90332 | Abyss:1  | Reached skill level 5 in Invocations
 90358 | Abyss:1  | Received a gift from Okawaru
 91196 | Depths:4 | Escaped the Abyss
 91307 | Depths:4 | Voluntarily entered the Abyss.
 91307 | Abyss:1  | Found a corrupted altar of Lugonu.
 91420 | Abyss:1  | Found a sparkling altar of Nemelex Xobeh.
 91833 | Abyss:1  | Paralysed by you for 5 turns
 91955 | Abyss:1  | Found a corrupted altar of Lugonu.
 92010 | Abyss:1  | Received a gift from Okawaru
 92011 | Abyss:1  | Found the +7 Kryia's mail coat {PotionHeal*2 rC+}
 92281 | Abyss:1  | Found a shadowy altar of Dithmenos.
 92715 | Abyss:1  | Reached skill level 15 in Evocations
 93088 | Abyss:2  | Found a corrupted altar of Lugonu.
 93317 | Abyss:2  | Found a corrupted altar of Lugonu.
 93716 | Abyss:2  | Gained mutation: Scrolls take you a little longer to read.
                  | [a neqoxec]
 94394 | Abyss:2  | Received a gift from Okawaru
 94547 | Abyss:2  | Found a basalt altar of Yredelemnul.
 94642 | Abyss:2  | Found a corrupted altar of Lugonu.
 95053 | Abyss:2  | Paralysed by you for 2 turns
 95306 | Abyss:2  | Received a gift from Okawaru
 95320 | Abyss:2  | Got a bloodstained glaive {god gift}
 95937 | Abyss:3  | Paralysed by accursed screaming for 2 turns
 95942 | Abyss:3  | HP: 12/273 [starcursed mass/accursed screaming (14)]
 95953 | Abyss:3  | HP: 9/273 [starcursed mass/accursed screaming (5)]
 95965 | Abyss:3  | Got an abyssal rune of Zot
 96321 | Depths:4 | Escaped the Abyss
 96643 | Lair:1   | Identified the +0 glaive "Kiowir" {chop, rElec MR+ Dex-3}
                  | (Okawaru gifted it to you on level 2 of the Abyss)
 96921 | Lair:1   | Reached skill level 1 in Throwing
 96921 | Lair:1   | Reached skill level 1 in Unarmed Combat
 96921 | Lair:1   | Reached skill level 1 in Spellcasting
 97092 | Slime:1  | Entered Level 1 of the Pits of Slime
 97191 | Slime:1  | Gained mutation: You occasionally shout uncontrollably at
                  | your foes. [a shining eye]
 97195 | Slime:1  | Gained mutation: You are occasionally teleported next to
                  | monsters. [a shining eye]
 97200 | Slime:1  | Gained mutation: You are frail. (-10% HP) [a shining eye]
 97205 | Slime:1  | Gained mutation: Armour fits poorly on your strangely
                  | shaped body. [a shining eye]
 97209 | Slime:1  | Gained mutation: You are weak. (Str -2) [a shining eye]
 97213 | Slime:1  | Gained mutation: You do not regenerate when monsters are
                  | visible. [a shining eye]
 97243 | Slime:2  | Gained mutation: Scrolls take you longer to read. [a
                  | shining eye]
 97818 | Slime:2  | Gained mutation: Your body sometimes deteriorates upon
                  | taking damage. [a shining eye]
 97948 | Slime:2  | Reached skill level 5 in Stealth
 98077 | Slime:1  | Received a gift from Okawaru
 98846 | Slime:5  | Entered Level 5 of the Pits of Slime
 98865 | Slime:5  | Gained mutation: Your body often deteriorates upon taking
                  | damage. [a shining eye]
 98866 | Slime:5  | Lost mutation: You are partially covered in icy blue
                  | scales. (AC +2) [a shining eye]
 98872 | Slime:5  | Gained mutation: You tend to lose your temper in combat. [a
                  | shining eye]
 98975 | Slime:4  | Gained mutation: Scrolls take you much longer to read. [a
                  | shining eye]
 99223 | Slime:5  | Received a gift from Okawaru
 99287 | Slime:5  | Reached skill level 10 in Dodging
 99928 | Slime:5  | Noticed the Royal Jelly
 99959 | Slime:5  | Killed the Royal Jelly
100412 | Slime:4  | HP: 12/244 [acid blob[the Royal Jelly] (30)]
100413 | Slime:4  | Slain by an azure jelly

Skill      XL: |  1  2  3  4  5  6  7  8  9 10 11 12 13 14 15 16 17 18 19 20 21 22 23 24 25 26 27 |
---------------+----------------------------------------------------------------------------------+-----
Shields        | 4 5 6 8 9 10 11 13 14 16 18 19 21 23 24 25 26 27 | 27.0
Fighting       | 4 5 6 7 9 10 11 13 14 15 16 17 18 19 20 22 23 25 26 27 | 27.0
Armour         | 4 5 6 7 9 10 11 12 13 14 15 16 17 18 19 20 21 22 25 27 | 27.0
Long Blades    | 3 4 5 6 8 10 11 13 14 15 16 17 18 19 20 22 23 25 26 27 | 27.0
Dodging        | 1 2 3 4 5 11 | 11.5
Stealth        | 1 2 3 5 |  5.7
Evocations     | 1 2 4 18 | 18.0
Invocations    | 2 3 9 |  9.0
Throwing       | 1 |  1.5
Unarmed Combat | 1 |  1.7
Spellcasting   | 1 |  1.0

Action                   |  1- 3 |  4- 6 |  7- 9 | 10-12 | 13-15 | 16-18 | 19-21 | 22-24 | 25-27 || total
-------------------------+-------+-------+-------+-------+-------+-------+-------+-------+-------++-------
Melee: Long sword        |    88 |   142 |   285 |    74 |       |       |       |       |       ||   589
       Headbutt          |    19 |    29 |    71 |   152 |   357 |   413 |   479 |   457 |  1150 ||  3127
       Scimitar          |       |       |       |   509 |  1400 |  1322 |  1219 |       |       ||  4450
       Hand axe          |       |       |       |     1 |       |       |       |       |       ||     1
       Double sword      |       |       |       |       |    25 |       |   171 |  1184 |  2777 ||  4157
       Falchion          |       |       |       |       |       |       |       |       |   306 ||   306
Invok: Heroism           |       |       |     2 |     8 |     9 |     2 |     3 |     1 |     5 ||    30
Evoke: Wand              |       |       |     8 |     5 |    11 |       |    14 |       |    22 ||    60
       Lightning rod     |       |       |       |       |       |       |       |       |     1 ||     1
  Use: Scroll            |       |    10 |       |    12 |    15 |     8 |    12 |    11 |    16 ||    84
       Potion            |       |     1 |     1 |     6 |     1 |     5 |     4 |     5 |    23 ||    46
 Stab: Invisible         |       |       |       |       |       |       |       |       |     2 ||     2
       Paralysed         |       |       |       |       |       |       |       |       |     1 ||     1
  Eat: Chunk             |     1 |     5 |     6 |    16 |    75 |    47 |    48 |    25 |    39 ||   262
       Ration            |       |     1 |     1 |     2 |       |     1 |     1 |     3 |    16 ||    25
Armor: Scale mail        |    41 |    46 |       |       |       |       |       |       |       ||    87
       Plate armour      |       |    10 |   135 |   260 |   358 |   454 |       |       |       ||  1217
       Fire dragon scale |       |       |       |       |   172 |       |       |       |       ||   172
       Crystal plate arm |       |       |       |       |       |    27 |   692 |   415 |   593 ||  1727
       Gold dragon scale |       |       |       |       |       |       |       |       |   165 ||   165
       Acid dragon scale |       |       |       |       |       |       |       |       |   115 ||   115
Dodge: Dodged            |    44 |    46 |    70 |   106 |   359 |   398 |   580 |   323 |   772 ||  2698
Block: Shield            |    57 |    84 |   179 |   285 |  1052 |   265 |  1220 |   392 |       ||  3534
       Large shield      |       |       |       |       |       |  1280 |   251 |   909 |  3423 ||  5863
       Reflection        |       |       |       |       |       |       |   128 |   161 |    85 ||   374
       Rpst.: Long sword |    14 |    11 |    24 |     4 |       |       |       |       |       ||    53
       Scimitar          |       |       |       |    17 |    79 |    72 |    84 |       |       ||   252
       Double sword      |       |       |       |       |       |       |    11 |    56 |    95 ||   162
       Falchion          |       |       |       |       |       |       |       |       |    23 ||    23
